 Dungeon Crawl Stone Soup version 0.20-a0-1122-gb7cbeb9 (webtiles) character file.

280 inmateoo the Sneak (level 6, -1/32 HPs)
             Began as a Vine Stalker Assassin on May 11, 2017.
             Killed by divine providence
             ... invoked by an orc priest
              (9 damage)
             ... on level 4 of the Dungeon.
             The game lasted 00:03:59 (2909 turns).

inmateoo the Sneak (Vine Stalker Assassin)          Turns: 2909, Time: 00:03:59

Health: -1/32      AC:  6    Str: 13    XL:     6   Next: 27%
Magic:  0/7        EV: 12    Int: 11    God:
Gold:   180        SH:  0    Dex: 18    Spells: 5/5 levels left

rFire    + . .     SeeInvis .   y - +2 dagger (venom)
rCold    . . .     Gourm    .   (no shield)
rNeg     . . .     Faith    .   j - +0 leather armour {rF+}
rPois    .         Spirit   +   v - +1 helmet of Mines {MR+}
rElec    .         Reflect  .   d - +0 cloak
rCorr    .         Harm     .   (no gloves)
MR       +....                  (no boots)
Stlth    +++.......             (no amulet)
Regen    0.5/turn               (no ring)
MPRegen  0.1/turn               (no ring)

@: no status effects
A: fangs 2, regeneration 1, magic shield, antimagic bite, no potion heal 3, rot
immunity
a: no special abilities


You were on level 4 of the Dungeon.
You were not hungry.

You visited 1 branch of the dungeon, and saw 4 of its levels.

You collected 180 gold pieces.

Inventory:

Hand Weapons
 b - a +0 blowgun
 u - a +2 dagger of draining
 y - a +2 dagger of venom (weapon)
 A - a +2 falchion of holy wrath
Missiles
 e - 24 poisoned needles
 f - 2 curare-tipped needles
 s - 8 needles of confusion
Armour
 d - a +0 cloak (worn)
 j - a +0 leather armour of fire resistance (worn)
 v - the +1 helmet of Mines (worn) {MR+}
   (You took it off Robin on level 2 of the Dungeon)

   It affects your resistance to hostile enchantments.
Wands
 z - a wand of iceblast (4/15)
Scrolls
 a - 3 scrolls of immolation {unknown}
 c - 3 scrolls of teleportation {unknown}
 k - 3 scrolls of remove curse {unknown}
 l - a scroll of random uselessness {unknown}
 o - 3 scrolls of magic mapping {unknown}
 q - a scroll of amnesia {unknown}
 w - 3 scrolls of identify {unknown}
 x - a scroll of fear {unknown}
Potions
 i - 2 potions of degeneration {unknown}
 m - a potion of haste {unknown}
 r - a potion of curing {unknown}
 t - a potion of resistance {unknown}
 B - a potion of berserk rage {unknown}
 D - a potion of heal wounds {unknown}
Comestibles
 g - 4 bread rations
 h - 3 fruits
 n - 2 royal jellies
 p - 4 meat rations


   Skills:
 + Level 2.9 Fighting
 * Level 3.4 Short Blades
 - Level 1.7 Throwing
 + Level 1.8 Dodging
 * Level 6.8 Stealth


You had 5 spell levels left.
You didn't know any spells.

Dungeon Overview and Level Annotations

Branches:
Dungeon (4/15)
 Temple: D:4-7

Altars:
Ashenzari
Fedhas
Uskayaw


Innate Abilities, Weirdness & Mutations

You have extremely sharp teeth.
Your natural rate of healing is unusually fast.
When hurt, damage is shared between your health and your magic reserves.
Your bite disrupts and absorbs the magic of your enemies.
Potions cannot restore your health.
You are immune to rotting.


Message History

The scorpion stings you!
Found a stone staircase leading down.
An orc priest comes into view. It is wielding a club.
The orc priest shouts!
An orc comes into view. It is wielding a short sword.
The orc priest invokes the aid of Beogh against you.
Beogh smites you!
* * * LOW HITPOINT WARNING * * *
The orc shouts!
You hear a shout!
An orc comes into view. It is wielding a hand axe.
The orc priest looks satisfied for a moment.
An orc comes into view.
There is a stone staircase leading up here.
The orc priest mumbles some strange prayers to Beogh against you.
Beogh smites you!
* * * LOW HITPOINT WARNING * * *
The orc priest looks encouraged for a moment.
The orc priest mumbles some strange prayers to Beogh against you.
Beogh smites you!
You die...

####......#.#.######.........)..#
.....###....#.# ####.........#
#..###.....##.# ##........# ...#
#.#.#....# ###########
.#####.#.#....# #...#
...##....#....# #...#
.#..#######...# #...######
....#.....#...#########...#.....#
....#..♣[.#...##@s.o.o.o.........
.##.'.♣♣♣.#......######o.........
.##.#..♣..#....### #..........
.##.#.....#...#########o.o.......
.#..#######...###................
............#.......o##.o........
.....................####Oo......
.....#####.##.......<##o.........
.....#####.#........Oo...........


You could see a scorpion, an orc priest and 3 orcs.

Vanquished Creatures
  An orc priest (D:3)
  An iguana (D:4)
  An orc wizard (D:3)
  A worker ant (D:4)
  Robin (D:2)
  4 adders
  An ooze (D:3)
  2 worms
  2 dart slugs
  4 leopard geckos
  11 orcs (D:3)
  3 giant cockroaches
  15 goblins
  16 hobgoblins
  3 jackals (D:4)
  5 kobolds
  A quokka (D:4)
  A ball python (D:2)
  7 bats
  7 frilled lizards
  8 rats
95 creatures vanquished.

Notes
Turn   | Place    | Note
-------+----------+-------------------------------------------
     0 | D:1      | inmateoo the Vine Stalker Assassin began the quest for the Orb.
     0 | D:1      | Reached XP level 1. HP: 11/11 MP: 2/2
   181 | D:1      | Reached skill level 5 in Stealth
   192 | D:1      | Reached XP level 2. HP: 10/15 MP: 3/3
   264 | D:1      | Reached skill level 1 in Dodging
   560 | D:2      | Reached XP level 3. HP: 12/18 MP: 4/4
  1233 | D:2      | Gained mutation: Your natural rate of healing is unusually fast. [Vine Stalker growth]
  1233 | D:2      | Reached XP level 4. HP: 11/23 MP: 1/5
  1348 | D:2      | Noticed Robin
  1358 | D:2      | Killed Robin
  1394 | D:2      | Got a brightly glowing helmet
  1402 | D:2      | Identified the +1 helmet of Mines {MR+} (You took it off Robin on level 2 of the Dungeon)
  1407 | D:2      | Reached skill level 6 in Stealth
  1701 | D:3      | Reached XP level 5. HP: 13/27 MP: 6/6
  1818 | D:3      | Found a shattered altar of Ashenzari.
  2071 | D:3      | Found a blossoming altar of Fedhas.
  2622 | D:4      | Found a hide-covered altar of Uskayaw.
  2623 | D:4      | Noticed a hand axe
  2623 | D:4      | Noticed a dagger
  2641 | D:4      | Reached XP level 6. HP: 32/32 MP: 7/7
  2909 | D:4      | Killed from afar by an orc priest

Vault maps used:
D:1:      dpeg_arrival_stonehenge_8_columns, item_on_display_a
D:2:      first_bread, bh_walls_and_bars, uniq_robin
D:3:      cheibrodos_ashenzari_chains, fedhas_altar_3
D:4:      dancing_weapons_uskayaw, temple_green, kennysheep_generic_room_13

Skill      XL: |  1  2  3  4  5 |
---------------+----------------+-----
Stealth        | 5 6 |  6.8
Short Blades   | 2 3 |  3.4
Dodging        | 1 |  1.8
Fighting       | 2 |  2.9
Throwing       | |  1.7

Action                   |  1- 3 |  4- 6 || total
-------------------------+-------+-------++-------
Melee: Dagger            |    81 |   145 ||   226
       Bite              |    13 |    33 ||    46
 Stab: Sleeping          |     9 |    24 ||    33
       Distracted        |       |     1 ||     1
  Eat: Chunk             |       |     6 ||     6
Armor: Leather armour    |    23 |    33 ||    56
       Robe              |     1 |       ||     1
Dodge: Dodged            |    35 |    58 ||    93
